 Dungeon Crawl Stone Soup version 0.22-a0-422-g9628fc8 (webtiles) character file.

140 DrEnzyme the Covered (level 5, 46/46 HPs)
             Began as a Minotaur Fighter on May 18, 2018.
             Quit the game on level 4 of the Dungeon.
             The game lasted 00:12:26 (3110 turns).

DrEnzyme the Covered (Minotaur Fighter)             Turns: 3110, Time: 00:12:27

Health: 46/46      AC:  8    Str: 21    XL:     5   Next: 2%
Magic:  4/4        EV:  7    Int:  5    God:
Gold:   139        SH:  9    Dex: 10    Spells: 4/4 levels left

rFire    . . .     SeeInvis .   a - +2 long sword
rCold    + . .     Gourm    .   c - +0 shield
rNeg     . . .     Faith    .   e - +1 scale mail {rPois}
rPois    +         Spirit   .   (helmet restricted)
rElec    .         Reflect  .   (no cloak)
rCorr    .         Harm     .   (no gloves)
MR       .....                  (no boots)
Stlth    ..........             (no amulet)
HPRegen  0.15/turn              p - ring of protection from cold
MPRegen  0.09/turn              (no ring)

@: no status effects
A: retaliatory headbutt, horns 2
a: no special abilities


You were on level 4 of the Dungeon.
You were not hungry.

You visited 2 branches of the dungeon, and saw 5 of its levels.

You collected 139 gold pieces.

Inventory:

Hand Weapons
 a - a +2 long sword (weapon)
 t - a +2 flail of holy wrath
Missiles
 g - 16 tomahawks (quivered)
Armour
 b - a +0 scale mail
 c - a +0 shield (worn)
 e - a +1 scale mail of poison resistance (worn)
 r - a +0 plate armour
Jewellery
 p - a ring of protection from cold (left hand)
 x - a cursed ring of wizardry {unknown}
Wands
 q - a wand of random effects (26)
 v - a wand of iceblast (10)
Scrolls
 i - 4 scrolls of remove curse
 l - a scroll of teleportation
 o - 2 scrolls of immolation
 s - a scroll of blinking {unknown}
 u - 3 scrolls of identify {unknown}
Potions
 d - a potion of might
 h - 2 potions of brilliance {unknown}
 j - 2 potions of agility {unknown}
 k - a potion of berserk rage {unknown}
 m - 3 potions of curing {unknown}
 n - a potion of heal wounds {unknown}
 w - a potion of invisibility {unknown}
Comestibles
 f - 10 rations


   Skills:
 + Level 4.2 Fighting
 * Level 3.9 Long Blades
 * Level 4.7 Armour
 + Level 0.2 Dodging
 + Level 0.1 Stealth
 * Level 4.7 Shields


You had 4 spell levels left.
You didn't know any spells.
Your spell library contained the following spells:

 Spells                   Type           Power        Failure   Level  Hunger
 Spider Form              Tmut/Pois      #.........   100%        3    ####...
 Blade Hands              Tmut           #.........   100%        5    ######.
 Ice Form                 Ice/Tmut       #.......     100%        4    #####..
 Sticks to Snakes         Tmut           #.......     100%        2    ###....
 Beastly Appendage        Tmut           #.....       99%         1    ##.....


Dungeon Overview and Level Annotations

Branches:
Dungeon (4/15)             Temple (1/1) D:4

Altars:
Ashenzari
Dithmenos
Elyvilon
Fedhas
Hepliaklqana
Makhleb
Nemelex Xobeh
Okawaru
Qazlal
Sif Muna
Uskayaw
Vehumet
Yredelemnul
Zin
The Shining One


Innate Abilities, Weirdness & Mutations

You reflexively headbutt those who attack you in melee.
You have a pair of horns on your head.


Message History

The adder skeleton barely misses you.
You slash the adder skeleton!
You destroy the adder skeleton!
You have reached level 5!
Found a scale mail and a blue potion.
f - 9 rations (gained 1)
f - 10 rations (gained 1)
You pick up a book of Changes and begin reading...
You add the spells Beastly Appendage, Sticks to Snakes, Spider Form, Ice Form and Blade Hands to your library.
m - 3 blue potions (gained 1)
Okay, then.
Search for what [? for help]?
Xom Can't find anything matching that.
Saving game... please wait.
Welcome back, DrEnzyme the Minotaur Fighter.
Press ? for a list of commands and other information.
Unknown command.
Are you sure you want to abandon this character and quit the game? (Confirm with "yes".)
Okay, then.
Are you sure you want to abandon this character and quit the game? (Confirm with "yes".)

.........#.#
.##. #.....#
#....##....#####
#....(..#.....#
#.##..#....###.#
..##..#.#.## #.#
..[........# #.#
...........# #.#
#........@.###.#
#...........##.#
##.#........##.#
#.###.......##.#
.#
##......##.####
#.#.###.##....##
#.... ..##.....#
#...#.
#######..# #
########.###.
#..#


There were no monsters in sight!

Vanquished Creatures
  A centaur skeleton (D:4)
  A worker ant (D:3)
  2 adders
  An adder skeleton (D:4)
  A worm (D:2)
  A dart slug (D:3)
  2 leopard geckos (D:2)
  An orc (D:3)
  A ball python (D:2)
  2 giant cockroaches
  10 goblins
  8 hobgoblins
  2 jackals (D:3)
  A quokka (D:2)
  5 bats
  5 frilled lizards
  8 kobolds
  2 rats (D:3)
54 creatures vanquished.

Notes
Turn   | Place    | Note
-------+----------+-------------------------------------------
     0 | D:1      | DrEnzyme the Minotaur Fighter began the quest for the Orb.
     0 | D:1      | Reached XP level 1. HP: 19/19 MP: 0/0
     0 | D:1      | Noticed a shadow dragon
     1 | D:1      | Noticed an ice dragon
     1 | D:1      | Noticed an iron dragon
     3 | D:1      | Noticed a shadow dragon
     3 | D:1      | Noticed a shadow dragon
     5 | D:1      | Noticed a tentacled monstrosity
    10 | D:1      | Noticed a tentacled monstrosity
    10 | D:1      | Noticed an orb of fire
    12 | D:1      | Noticed a tentacled monstrosity
    12 | D:1      | Noticed a green draconian
    23 | D:1      | Noticed an orb of fire
    25 | D:1      | Noticed an ice dragon
    25 | D:1      | Noticed a green draconian
    25 | D:1      | Noticed an iron dragon
    27 | D:1      | Noticed an iron dragon
    29 | D:1      | Noticed a black draconian
   396 | D:1      | Reached XP level 2. HP: 27/27 MP: 1/1
  1242 | D:2      | Reached XP level 3. HP: 29/33 MP: 2/2
  1251 | D:2      | Found a faded altar of an unknown god.
  2099 | D:3      | Found a basalt altar of Yredelemnul.
  2111 | D:3      | Reached XP level 4. HP: 40/40 MP: 3/3
  2758 | D:4      | Found a staircase to the Ecumenical Temple.
  2765 | Temple   | Entered the Ecumenical Temple
  3079 | D:4      | Reached XP level 5. HP: 46/46 MP: 4/4
  3110 | D:4      | Quit the game

Vault maps used:
D:1:      shiori_arrival_whats_in_store_for_you
D:2:      chequers_ecumenical_altar_simple_redux, serial_bayou_lake_a
D:3:      nicolae_overflow_crystal_walls, corexii_item_surrounded_by_moat
D:4:      minmay_temple_entry_fiery, first_ration
Temple:   minmay_temple_curvy_branch

Skill      XL: |  1  2  3 |
---------------+----------+-----
Armour         | 4 |  4.7
Fighting       | 4 |  4.2
Long Blades    | 3 |  3.9
Shields        | 4 |  4.7
Dodging        | |  0.2
Stealth        | |  0.1

Action                   |  1- 3 |  4- 6 || total
-------------------------+-------+-------++-------
Melee: Long sword        |   111 |    39 ||   150
       Headbutt          |    15 |     5 ||    20
  Use: Scroll            |     6 |     2 ||     8
  Eat: Chunk             |     4 |     3 ||     7
Armor: Scale mail        |    43 |    15 ||    58
       Plate armour      |    12 |    11 ||    23
Dodge: Dodged            |    27 |     6 ||    33
Block: Shield            |    47 |    27 ||    74
       Rpst.: Long sword |     7 |       ||     7

Table legend:
 A = Spawn XP
 B = Non-spawn XP
 C = Spawn XP percentage of total XP
 D = Spawn monster count
 E = Non-spawn monster count
 F = Spawn count percentage of total count
 G = Total turns spent on level
                    A         B        C        D         E        F      G
               +---------+---------+-------+---------+---------+-------+---------
         Total |       0 |     200 |   0.0 |       0 |      54 |   0.0 |  3110
               +---------+---------+-------+---------+---------+-------+---------
           D:1 |       0 |      14 |   0.0 |       0 |       8 |   0.0 |   689
           D:2 |       0 |      54 |   0.0 |       0 |      23 |   0.0 |  1047
           D:3 |       0 |      85 |   0.0 |       0 |      20 |   0.0 |   928
           D:4 |       0 |      47 |   0.0 |       0 |       3 |   0.0 |   217
               +---------+---------+-------+---------+---------+-------+---------
